 Dungeon Crawl Stone Soup version 0.28.0 (webtiles) character file.

Game seed: 3857082444852140202

8734 Jonnyslop the Thaumaturge (level 11, -1/59 HPs)
             Began as a Deep Elf Fire Elementalist on Mar 19, 2022.
             Was a Believer of Sif Muna.
             Engulfed by a cloud of flame (19 damage)
             ... on level 10 of the Dungeon on Mar 22, 2022.
             The game lasted 00:59:11 (12753 turns).

Jonnyslop the Thaumaturge (DEFE)                   Turns: 12753, Time: 00:59:12

Health: -1/59      AC:  9    Str:  5    XL:     11   Next: 13%
Magic:  28/37      EV: 12    Int: 25    God:    Sif Muna [**....]
Gold:   617        SH:  5    Dex: 15    Spells: 2/32 levels left

rFire   . . .      SeeInvis .   j - staff of conjuration
rCold   . . .      Faith    .   (no shield)
rNeg    . . .      Spirit   .   o - +0 robe {Archmagi}
rPois   +          Reflect  +   m - +1 helmet
rElec   .          Harm     .   f - +0 cloak
rCorr   .          Rampage  .   e - +2 pair of gloves
Will    +....      Archmagi +   i - +0 pair of boots
Stlth   ++........              B - amulet of reflection
HPRegen 0.19/turn               p - ring of magical power
MPRegen 0.25/turn               n - ring of poison resistance

@: no status effects
A: no striking features
a: Renounce Religion, Channel Magic


You were on level 10 of the Dungeon.
You worshipped Sif Muna.
Sif Muna was pleased with you.
You visited 3 branches of the dungeon, and saw 13 of its levels.

You collected 617 gold pieces.

Inventory:

Hand Weapons
 E - the +5 rapier "Kyaptirr" {vorpal, rElec rPois Str+3 Dex-2}
   (You found it on level 7 of the Dungeon)

   It inflicts extra damage upon your enemies.
   Str:       It affects your strength (+3).
   Dex:       It affects your dexterity (-2).
   rElec:     It insulates you from electricity.
   rPois:     It protects you from poison.
Armour
 e - a +2 pair of gloves (worn)
 f - a +0 cloak (worn)
 i - a +0 pair of boots (worn)
 m - a +1 helmet (worn)
 o - a +0 robe of the Archmagi (worn)
Magical Staves
 j - a staff of conjuration (weapon)
Jewellery
 h - a ring of resist corrosion
 n - a ring of poison resistance (right hand)
 p - a ring of magical power (left hand)
 B - an amulet of reflection (around neck)
Wands
 l - a wand of flame (43)
 r - a wand of iceblast (8)
 x - a wand of polymorph (4)
Scrolls
 a - 2 scrolls of enchant armour
 q - 2 scrolls of amnesia
 s - 4 scrolls of identify
 t - a scroll of noise {unknown}
 v - a scroll of teleportation
 y - a scroll of fear
 z - a scroll of fog
Potions
 b - 9 potions of curing
 c - a potion of berserk rage
 d - 2 potions of flight
 g - 2 potions of resistance
 k - 2 potions of brilliance
 u - 2 potions of magic
 w - a potion of mutation
 A - a potion of might
 D - a potion of ambrosia


   Skills:
 + Level 2.9 Fighting
 - Level 2.4 Dodging
 - Level 2.4 Stealth
 + Level 11.4 Spellcasting
 + Level 7.8 Conjurations
 + Level 6.9 Hexes
 * Level 8.4 Translocations
 + Level 8.6 Fire Magic
 - Level 2.0 Poison Magic
 + Level 4.6 Invocations


You had 2 spell levels left.
You knew the following spells:

 Your Spells              Type           Power      Damage    Failure   Level
a - Foxfire               Conj/Fire      100%       2x1d9     1%          1
b - Scorch                Fire           100%       2d10      1%          2
c - Conjure Flame         Conj/Fire      90%        6-21      1%          3
d - Sticky Flame          Conj/Fire      90%        2d10      1%          4
e - Flame Wave            Conj/Fire      90%        2d15      1%          4
f - Inner Flame           Hex/Fire       68%        N/A       1%          3
g - Ignite Poison         Fire/Tmut/Pois 48%        N/A       3%          3
h - Portal Projectile     Hex/Tloc       100%       N/A       1%          3
i - Blink                 Tloc           100%       N/A       1%          2
j - Summon Small Mammal   Summ           84%        N/A       4%          1
k - Summon Guardian Gole  Hex/Summ       47%        N/A       3%          3
l - Apportation           Tloc           100%       N/A       1%          1

Your spell library contained the following spells:

 Spells                   Type           Power      Damage    Failure   Level
 Dazzling Flash           Conj/Hex       100%       N/A       1%          3
 Lesser Beckoning         Tloc           71%        N/A       1%          3
 Fulminant Prism          Conj/Hex       43%        3d20      1%          4
 Iskenderun's Mystic Bla  Conj/Tloc      89%        2d17      1%          4
 Manifold Assault         Tloc           71%        N/A       3%          5
 Leda's Liquefaction      Hex/Erth       23%        N/A       10%         4
 Call Canine Familiar     Summ           21%        N/A       13%         3
 Ozocubu's Armour         Ice            21%        N/A       13%         3
 Dispersal                Tloc           35%        N/A       21%         6
 Metabolic Englaciation   Hex/Ice        23%        N/A       28%         5
 Silence                  Hex/Air        23%        N/A       28%         5
 Alistair's Intoxication  Tmut/Pois      18%        N/A       61%         5
 Agony                    Necr           21%        N/A       75%         5
 Lee's Rapid Deconstruct  Erth           10%        3d9*      75%         5
 Simulacrum               Ice/Necr       10%        N/A       100%        6
 Summon Cactus Giant      Summ           10%        N/A       100%        6
 Disjunction              Tloc           35%        N/A       100%        8


Dungeon Overview and Level Annotations

Branches:
Dungeon (11/15)            Temple (1/1) D:6            Lair (1/6) D:9
    Orc (0/2) D:10

Altars:
Ashenzari
Cheibriados
Dithmenos
Elyvilon
Fedhas
Gozag
Hepliaklqana
Kikubaaqudgha
Makhleb
Nemelex Xobeh
Okawaru
Qazlal
Ru
Sif Muna
Trog
Uskayaw
Vehumet
Wu Jian
Xom
Yredelemnul
Zin
The Shining One

Shops:
D:7 :

Annotations:
D:11 exclusion: cyclops


Message History

The orc is heavily wounded.
The foxfire hits the orc.
The orc is severely wounded.
The foxfire hits the orc.
You kill the orc!
Sif Muna accepts your kill.
Your foxfire dissipates!
The orc warrior barely misses you.
Items here: $ ) [ †.
Casting: Foxfire (safe; 1% risk of failure)
Confirm with . or Enter, or press ? or * to list all spells.
You feel a strong surge of power!
You conjure some foxfire!
The orc warrior hits you with a +0 trident.
Casting: Foxfire (safe; 1% risk of failure)
Confirm with . or Enter, or press ? or * to list all spells.
Aiming: Inner Flame (safe; 1% risk of failure)
Press: ? - help, Dir - move target, f - orc warrior
Aim: an orc warrior, wielding a +0 trident and wearing a +0 chain mail (ally target, chance to affect: 97%)
You feel a surge of power!
The orc warrior is filled with an inner flame.
The foxfire hits the orc warrior.
Flame seeps out of the orc warrior.
The orc warrior is lightly wounded.
The foxfire hits the orc warrior but does no damage.
The orc warrior is lightly wounded.
The orc warrior is engulfed in blazing flames.
Flame seeps out of the orc warrior.
The orc warrior hits you with a +0 trident!
Casting: Inner Flame (safe; 1% risk of failure)
Confirm with . or Enter, or press ? or * to list all spells.
Casting: Flame Wave (dangerous; 1% risk of failure)
Press: ? - help, Dir - look around, f - activate You feel a strong surge of power!
A wave of flame ripples out!
The flame wave engulfs the orc warrior!!
Sif Muna accepts your kill. (Press . to intensify the flame waves.)
The orc warrior explodes!
The fiery explosion engulfs you!!
Ouch! That really hurt!
You are engulfed in blazing flames.
You die...

#.T.<.......o
#(#######.......# #.#
#.......# ####.#
#.......# #....#
#...>...### ###.##.#
#.......... ..#....#
#.......#
#....).#######.§§....#
###..#.........§@§§..#
#)......###...§○§..#
###...##.# #####§§..#
##...[....# ...##
.#.#......#######...#
.#.##.[#..............
.......#...............
.#.##.[#.#.............
.#.##.##.########...#


There were no monsters in sight!

Vanquished Creatures
  2 hydras
  A two-headed ogre (D:11)
  Maggie (D:9)
  A kobold demonologist (D:11)
  A troll (D:10)
  2 wraiths
  9 yaks
  A wyvern (D:10)
  2 steam dragons (D:7)
  2 swamp worms (D:9)
  2 acid dragons
  7 orc warriors
  A sky beast (D:5)
  2 black bears
  2 ogres
  3 centaurs
  A kobold brigand (D:9)
  2 phantoms
  2 bullfrogs
  3 scorpions
  A wyvern skeleton (D:6)
  6 killer bees (D:7)
  5 wights (D:10)
  A howler monkey (D:9)
  3 centaur zombies
  4 jellies (D:4)
  Crazy Yiuf (D:6)
  3 orc priests
  A gnoll shaman (D:4)
  2 bullfrog skeletons (D:6)
  Jessica (D:3)
  3 iguanas
  5 orc wizards
  A howler monkey zombie (D:6)
  A hound skeleton (D:4)
  3 gnolls (D:4)
  5 adders
  3 ufetubi (D:6)
  An adder skeleton (D:4)
  2 worms
  2 dart slugs
  31 orcs
  5 bats
  16 endoplasms
  2 giant cockroaches
  10 goblins
  2 hobgoblins
  4 jackals (D:3)
  4 quokkas
  6 ball pythons
  6 frilled lizards
  10 kobolds
  2 rats (D:2)
199 creatures vanquished.

Vanquished Creatures (collateral kills)
  4 foxfires
4 creatures vanquished.

Vanquished Creatures (others)
  766 foxfires
  9 fungi (D:4)
  3 plants
  9 toadstools (D:4)
787 creatures vanquished.

Grand Total: 990 creatures vanquished

Notes
Turn   | Place    | Note
-------+----------+-------------------------------------------
     0 | D:1      | Jonnyslop the Deep Elf Fire Elementalist began the quest
                  | for the Orb.
     0 | D:1      | Reached XP level 1. HP: 10/10 MP: 6/6
   321 | D:1      | Reached XP level 2. HP: 15/15 MP: 2/8
   324 | D:1      | Learned a level 2 spell: Scorch
  1186 | D:2      | Reached skill level 4 in Spellcasting
  1186 | D:2      | Reached XP level 3. HP: 19/19 MP: 6/10
  1190 | D:2      | Learned a level 3 spell: Conjure Flame
  2207 | D:3      | Noticed Jessica
  2214 | D:3      | Killed Jessica
  2215 | D:3      | Reached XP level 4. HP: 24/24 MP: 8/12
  2215 | D:3      | Found an opulent altar of Gozag.
  2274 | D:3      | Learned a level 4 spell: Sticky Flame
  2332 | D:3      | Reached skill level 5 in Spellcasting
  2397 | D:3      | Found a sacrificial altar of Ru.
  2680 | D:4      | Reached XP level 5. HP: 28/28 MP: 11/14
  2685 | D:4      | Learned a level 4 spell: Flame Wave
  2927 | D:4      | Reached skill level 6 in Spellcasting
  2986 | D:4      | Found a hazy altar of Hepliaklqana.
  3116 | D:4      | Reached XP level 6. HP: 32/32 MP: 11/17
  3771 | D:4      | Found a hide-covered altar of Uskayaw.
  3898 | D:4      | Reached skill level 7 in Spellcasting
  3997 | D:5      | Entered Level 5 of the Dungeon
  4026 | D:5      | Noticed a sky beast
  4086 | D:5      | Reached skill level 5 in Fire Magic
  4155 | D:5      | Killed a sky beast
  4156 | D:5      | Reached XP level 7. HP: 36/36 MP: 12/20
  4255 | D:5      | Learned a level 3 spell: Inner Flame
  4259 | D:5      | Learned a level 3 spell: Ignite Poison
  4519 | D:5      | Reached skill level 8 in Spellcasting
  4785 | D:5      | Found a glowing golden altar of the Shining One.
  5063 | D:6      | Found an iron altar of Okawaru.
  5131 | D:6      | Reached skill level 9 in Spellcasting
  5356 | D:6      | Learned a level 3 spell: Portal Projectile
  5493 | D:6      | Reached skill level 5 in Conjurations
  5493 | D:6      | Reached XP level 8. HP: 41/41 MP: 19/23
  5770 | D:6      | Noticed a four-headed hydra
  5779 | D:6      | Killed a four-headed hydra
  5788 | D:6      | Reached XP level 9. HP: 21/45 MP: 13/24
  6231 | D:6      | Found a staircase to the Ecumenical Temple.
  6310 | Temple   | Entered the Ecumenical Temple
  6395 | Temple   | Became a worshipper of Sif Muna the Loreminder
  6622 | D:6      | Reached skill level 10 in Spellcasting
  6685 | D:6      | Found a runed translucent door.
  6686 | D:6      | Noticed Crazy Yiuf
  6709 | D:6      | Killed Crazy Yiuf
  7116 | D:7      | Reached skill level 1 in Invocations
  7192 | D:7      | Reached skill level 5 in Translocations
  7819 | D:7      | Learned a level 2 spell: Blink
  7821 | D:7      | Learned a level 1 spell: Summon Small Mammal
  7992 | D:7      | Found a snail-covered altar of Cheibriados.
  8113 | D:7      | Found Athuc's Book Shoppe.
  8138 | D:7      | Identified the +5 rapier "Kyaptirr" {vorpal, rElec rPois
                  | Str+3 Dex-2}
  8659 | D:7      | Identified a scroll of acquirement
  8660 | D:7      | Acquired a staff of conjuration
  9400 | D:8      | You fall into a shaft and drop 3 floors!
  9400 | D:11     | Noticed a four-headed hydra
  9417 | D:11     | Noticed a cyclops
  9439 | D:11     | Killed a four-headed hydra
  9440 | D:11     | Reached skill level 1 in Fighting
  9440 | D:11     | Reached skill level 5 in Hexes
  9440 | D:11     | Reached XP level 10. HP: 10/52 MP: 14/26
  9847 | D:11     | Learned a level 3 spell: Summon Guardian Golem
  9863 | D:11     | Noticed a two-headed ogre
  9874 | D:11     | Killed a two-headed ogre
 10110 | D:11     | Reached * piety under Sif Muna
 10372 | D:10     | Entered Level 10 of the Dungeon
 10524 | D:9      | Found a staircase to the Lair.
 10556 | D:9      | Reached skill level 11 in Spellcasting
 11109 | D:9      | Learned a level 1 spell: Apportation
 11279 | D:9      | Found a stormy altar of Qazlal.
 11406 | D:9      | Noticed Maggie
 11491 | D:9      | Killed Maggie
 12193 | D:10     | Reached XP level 11. HP: 49/59 MP: 22/28
 12232 | D:10     | Reached ** piety under Sif Muna
 12384 | Lair:1   | Entered Level 1 of the Lair of Beasts
 12740 | D:10     | Found a staircase to the Orcish Mines.
 12753 | D:10     | Engulfed by a cloud of flame

Illustrated notes

Levels and vault maps discovered:
D:1:      roderic_crop_circles_arrival_small, layout_basic
D:2:      cheibrodos_old_hovel, layout_basic, chequers_garden
D:3:      layout_rooms, mainiacjoe_overflow_24_doors,
          mainiacjoe_overflow_alcove_4, uniq_jessica
D:4:      cheibrodos_fertilizer, layout_cave_pools, kennysheep_little_box,
          nzn_hepliaklqana_mist_gate, minmay_crossroads
D:5:      layout_rooms, tso_oasis_becter, chequers_serial_rivers_small_b,
          nicolae_elevator_lobby_plus
D:6:      layout_layer_cave, old_standard_altar,
          minmay_temple_entry_proselytizer, uniq_crazy_yiuf_cottage
D:7:      layout_cave_pods, cheibriados_altar_1, serial_shops, shop
D:8:      layout_basic, uniq_joseph
D:9:      layout_long_grid, nicolae_qazlal_scattered_showers, lair_entry_dummy,
          worms_lemuel, uniq_maggie
D:10:     layout_loops_cross, orc_david_3, uniq_harold
D:11:     layout_rooms, minmay_misc_feat_rows, grunt_ministairs_12
Temple:   jpeg_temple_clearing
Lair:1:   layout_cave_shapes, grunt_megastairs_4, lemuel_fruit_fields,
          uniq_gastronok

Skill      XL: |  1  2  3  4  5  6  7  8  9 10 |
---------------+-------------------------------+-----
Spellcasting   | 4 5 6 7 9 10 11 | 11.4
Conjurations   | 2 3 4 5 6 7 |  7.8
Fire Magic     | 4 5 6 7 8 |  8.6
Hexes          | 3 5 6 |  6.9
Translocations | 4 6 8 |  8.4
Poison Magic   | 2 |  2.0
Invocations    | 2 4 |  4.6
Fighting       | 1 2 |  2.9
Dodging        | |  2.4
Stealth        | |  2.4

Action                   |  1- 3 |  4- 6 |  7- 9 | 10-12 || total
-------------------------+-------+-------+-------+-------++-------
Melee: Unarmed           |     1 |       |       |       ||     1
       Trident           |     3 |    20 |     3 |       ||    26
       Hand axe          |     1 |       |       |       ||     1
       Staff             |       |       |     1 |     3 ||     4
 Cast: Foxfire           |    66 |    92 |   137 |   162 ||   457
       Scorch            |     3 |     1 |    18 |    23 ||    45
       Conjure Flame     |     1 |     8 |     9 |    19 ||    37
       Sticky Flame      |       |     1 |    10 |     9 ||    20
       Inner Flame       |       |       |     2 |     5 ||     7
       Flame Wave        |       |       |     2 |     4 ||     6
       Summon Small Mamm |       |       |     1 |     2 ||     3
       Blink             |       |       |     1 |       ||     1
       Summon Guardian G |       |       |       |     2 ||     2
  Use: Scroll            |     4 |     3 |    14 |     1 ||    22
Armor: Robe              |     1 |    21 |    24 |    27 ||    73
Dodge: Dodged            |     5 |    26 |    37 |    36 ||   104
Block: Other             |       |       |     4 |    16 ||    20
       Reflection        |       |       |       |     4 ||     4
